 Dungeon Crawl Stone Soup version 0.21.1-1-g345015fe64 (webtiles) character file.

11078 lox123 the Blocker (level 12, -3/93 HPs)
             Began as a Formicid Fighter on June 24, 2018.
             Was an Elder of Trog.
             Killed by divine providence
             ... invoked by an orc priest
              (15 damage)
             ... on level 11 of the Dungeon.
             The game lasted 00:48:59 (15311 turns).

lox123 the Blocker (Formicid Fighter)              Turns: 15311, Time: 00:48:59

Health: -3/93      AC: 17    Str: 26    XL:     12   Next: 3%
Magic:  17/17      EV:  9    Int:  8    God:    Trog [****..]
Gold:   658        SH: 15    Dex: 12    Spells: 18/18 levels left

rFire    . . .     SeeInvis +   r - +5 quarterstaff (chaos)
rCold    . . .     Gourm    .   c - +2 shield
rNeg     . . .     Faith    .   l - +1 plate armour
rPois    .         Spirit   .   (helmet unavailable)
rElec    .         Reflect  .   s - +0 cloak
rCorr    .         Harm     .   w - +0 pair of gloves
MR       +....     Clarity  +   (no boots)
Stlth    ..........             K - amulet of magic regeneration
HPRegen  0.25/turn              x - +2 ring of dexterity
MPRegen  0.40/turn              B - ring of flight

@: no status effects
A: permanent stasis, dig shafts and tunnels, four strong arms, antennae 3,
blurry vision 1, clarity
a: Dig, Shaft Self, Trog's Hand, Brothers in Arms, Burn Spellbooks, Renounce
Religion, Evoke Flight


You were on level 11 of the Dungeon.
You worshipped Trog.
Trog was greatly pleased with you.
You were not hungry.

You visited 2 branches of the dungeon, and saw 12 of its levels.

You collected 658 gold pieces.

Inventory:

Hand Weapons
 r - a +5 quarterstaff of chaos (weapon)
 y - a +0 shortbow
 z - a +2 whip of flaming
Missiles
 p - 11 tomahawks (quivered)
 A - 188 arrows
Armour
 c - a +2 shield (worn)
 l - a +1 plate armour (worn)
 o - a +1 robe of positive energy
 s - a +0 cloak (worn)
 w - a +0 pair of gloves (worn)
Magical Staves
 J - an uncursed staff of conjuration
Jewellery
 m - an uncursed ring of resist corrosion
 x - a +2 ring of dexterity (left hand)
 B - a ring of flight (right hand)
 C - a cursed ring of ice
 F - an uncursed amulet of rage
 K - an amulet of magic regeneration (around neck)
Wands
 b - a wand of disintegration (14)
 h - a wand of iceblast (18)
 t - a wand of paralysis (18)
 D - a wand of flame (39)
 G - a wand of scattershot (6)
 L - a wand of random effects (53)
 O - a wand of polymorph (18)
Scrolls
 g - 5 scrolls of amnesia
 k - 6 scrolls of teleportation
 q - 2 scrolls of blinking
 u - 2 scrolls of magic mapping
 v - 2 scrolls of identify
 H - 5 scrolls of remove curse
Potions
 a - 2 potions of flight
 d - 5 potions of might
 e - a potion of resistance
 i - 3 potions of invisibility {unknown}
 j - 8 potions of curing
 n - a potion of berserk rage {unknown}
 E - 2 potions of heal wounds
 I - a potion of ambrosia {unknown}
 M - 3 potions of haste {unknown}
 P - a potion of mutation
 Q - a potion of cancellation
 R - a potion of degeneration {unknown}
Comestibles
 f - 13 rations


   Skills:
 * Level 8.3 Fighting
   Level 4.3 Axes
 * Level 9.3 Staves
 + Level 2.8 Bows
 + Level 3.8 Throwing
 * Level 8.4 Armour
 + Level 3.4 Dodging
 + Level 5.2 Stealth
 * Level 10.7 Shields
 + Level 3.4 Unarmed Combat
 - Level 3.5 Spellcasting
 + Level 3.8 Evocations


You had 18 spell levels left.
You didn't know any spells.

Dungeon Overview and Level Annotations

Branches:
Dungeon (11/15)            Temple (1/1) D:6
   Lair: D:8-11         Orc: D:9-12

Altars:
Ashenzari
Cheibriados
Dithmenos
Elyvilon
Fedhas
Gozag
Hepliaklqana
Kikubaaqudgha
Makhleb
Nemelex Xobeh
Okawaru
Qazlal
Ru
Sif Muna
Trog
Uskayaw
Vehumet
Wu Jian
Xom
Yredelemnul
Zin
The Shining One


Innate Abilities, Weirdness & Mutations

You cannot be hasted, slowed, berserked, paralysed or teleported.
You can dig through walls and to a lower floor.
Your four strong arms can wield two-handed weapons with a shield.
You have a pair of large antennae on your head. (SInv)
Scrolls take you a little longer to read.
You possess an exceptional clarity of mind.


Message History

You block the orc wizard's attack. You block the orc warrior's attack.
You sock the orc warrior!
The orc warrior is almost dead.
You block the orc wizard's attack. The orc warrior closely misses you.
The orc warrior hits you with a war axe!
The orc warrior hits you from afar with a trident!
You hit the orc warrior but do no damage.
The orc warrior is poisoned.
The orc warrior is almost dead.
You block the orc wizard's attack. You block the orc warrior's attack.
The orc wizard hits you but does no damage.
The orc warrior hits you with a war axe!
* * * LOW HITPOINT WARNING * * *
You kill the orc warrior!
Trog accepts your kill.
The orc warrior hits you with a war axe!
* * * LOW HITPOINT WARNING * * *
The orc priest invokes the aid of Beogh against you.
Beogh smites you!
You die...

≈# { ...##≈≈.{. ≈#{ { ...#.≈≈.#
≈#####################o.≈≈.#
≈≈≈≈≈≈≈≈≈≈≈≈≈≈≈≈≈≈≈≈≈≈≈≈8≈.#
≈≈≈≈≈≈≈≈≈≈≈≈≈≈≈≈≈≈≈≈≈≈≈≈≈8)#
...(.......................####
####...#.#..######..#.........#
...........#######..#!.....)..#
####............@..##o........#
......###.#######>o)ooo.......#
.....<# #....# ##.##o........#
......# ####.# #..##.........#
......# .[.....#.........#
......# .....$###########
......# #.......# #########


You could see 2 orc warriors, an orc priest and 2 orcs.

Vanquished Creatures
  3 two-headed ogres (D:9)
  Pikel (D:6)
  A komodo dragon (D:9)
  A kobold demonologist (D:9)
  A troll (D:10)
  2 hippogriffs
  Sigmund (D:2)
  A wyvern (D:10)
  6 yaks (D:11)
  A hornet zombie (D:9)
  6 orc warriors
  4 slaves (D:5)
  A black bear (D:7)
  4 ice beasts
  A sky beast (D:6)
  A necrophage (D:9)
  4 ogres
  5 centaurs
  A crocodile (D:10)
  Blork the orc (D:5)
  2 big kobolds
  4 bullfrogs
  A wyvern zombie (D:6)
  3 scorpions
  An oklob sapling (D:6)
  11 killer bees
  7 wights
  An electric eel (D:11)
  A bullfrog zombie (D:9)
  5 howler monkeys
  A centaur zombie (D:5)
  6 crimson imps
  A gnoll shaman (D:8)
  3 bullfrog skeletons
  4 hounds
  A jelly (D:8)
  7 orc priests
  Crazy Yiuf (D:2)
  3 centaur skeletons (D:4)
  Terence (D:2)
  4 iguanas
  10 orc wizards
  7 worker ants
  2 hound zombies
  A mummy (D:9)
  A howler monkey zombie (D:5)
  Robin (D:2)
  A gnoll (shapeshifter) (D:7)
  3 gnolls (D:8)
  18 adders
  3 shadow imps
  An ooze (D:2)
  2 worms
  2 dart slugs
  8 leopard geckos
  38 orcs
  7 giant cockroaches
  16 goblins
  13 hobgoblins
  12 jackals
  17 kobolds
  2 quokkas
  4 ball pythons
  6 bats
  5 frilled lizards
  A leopard gecko skeleton (D:4)
  7 rats
  26 plants (D:6)
  A withered plant (D:9)
329 creatures vanquished.

Vanquished Creatures (others)
  An ice beast (D:5)
  An iguana (D:5)
2 creatures vanquished.

Grand Total: 331 creatures vanquished

Notes
Turn   | Place    | Note
-------+----------+-------------------------------------------
     0 | D:1      | lox123 the Formicid Fighter began the quest for the Orb.
     0 | D:1      | Reached XP level 1. HP: 18/18 MP: 1/1
    98 | D:1      | Reached XP level 2. HP: 20/24 MP: 2/2
   443 | D:1      | You fall through a shaft!
   452 | D:2      | Reached XP level 3. HP: 19/29 MP: 3/3
   588 | D:2      | Reached skill level 4 in Shields
   610 | D:2      | Noticed Sigmund
   635 | D:2      | Killed Sigmund
   635 | D:2      | Reached skill level 5 in Shields
   635 | D:2      | Reached XP level 4. HP: 8/37 MP: 4/4
   635 | D:2      | Reached XP level 5. HP: 9/42 MP: 5/5
   635 | D:2      | Reached XP level 6. HP: 11/48 MP: 6/6
   665 | D:2      | Noticed Terence
   673 | D:2      | Killed Terence
  2527 | D:2      | Noticed Robin
  2567 | D:2      | Killed Robin
  2863 | D:2      | Found a runed door.
  2867 | D:2      | Noticed Crazy Yiuf
  2876 | D:2      | Killed Crazy Yiuf
  3226 | D:2      | You fall through a shaft!
  3505 | D:3      | Reached XP level 7. HP: 55/55 MP: 7/7
  4126 | D:4      | Noticed a hippogriff
  4135 | D:4      | Killed a hippogriff
  4265 | D:4      | Reached skill level 6 in Shields
  4265 | D:4      | Reached XP level 8. HP: 48/61 MP: 8/8
  4334 | D:4      | Reached skill level 5 in Armour
  4495 | D:4      | Gained mutation: Scrolls take you a little longer to read. [potion of mutation]
  4495 | D:4      | Gained mutation: You possess an exceptional clarity of mind. [potion of mutation]
  4498 | D:4      | Reached skill level 5 in Staves
  4498 | D:4      | Reached skill level 7 in Shields
  4498 | D:4      | Reached XP level 9. HP: 71/71 MP: 8/14
  5791 | D:5      | Entered Level 5 of the Dungeon
  5879 | D:5      | Noticed Blork the orc
  5901 | D:5      | Killed Blork the orc
  5990 | D:5      | Reached skill level 8 in Shields
  6100 | D:5      | Noticed Pikel
  6121 | D:6      | Killed Pikel
  6121 | D:6      | Reached XP level 10. HP: 48/77 MP: 15/15
  7011 | D:6      | Found a staircase to the Ecumenical Temple.
  7359 | Temple   | Entered the Ecumenical Temple
  7462 | Temple   | Became a worshipper of Trog the Wrathful
  7619 | D:6      | Reached skill level 5 in Stealth
  8626 | D:7      | Found a bloodstained altar of Trog.
  8688 | D:7      | Reached * piety under Trog
  8752 | D:7      | Found a shadowy altar of Dithmenos.
  9613 | D:8      | Reached skill level 9 in Shields
 10081 | D:8      | Reached ** piety under Trog
 11193 | D:9      | Noticed a komodo dragon
 11202 | D:9      | Killed a komodo dragon
 11208 | D:9      | Noticed a kobold demonologist
 11216 | D:9      | Killed a kobold demonologist
 11216 | D:9      | Reached XP level 11. HP: 47/84 MP: 16/16
 11662 | D:9      | Noticed a two-headed ogre
 11676 | D:9      | Killed a two-headed ogre
 11853 | D:9      | Noticed a two-headed ogre
 11875 | D:9      | Killed a two-headed ogre
 11883 | D:9      | Killed a two-headed ogre
 12438 | D:10     | Entered Level 10 of the Dungeon
 12475 | D:10     | Reached *** piety under Trog
 12533 | D:10     | Reached skill level 10 in Shields
 14600 | D:11     | Received a gift from Trog
 15276 | D:11     | Reached XP level 12. HP: 79/93 MP: 17/17
 15299 | D:11     | Reached **** piety under Trog
 15311 | D:11     | Killed from afar by an orc priest

Skill      XL: |  1  2  3  4  5  6  7  8  9 10 11 |
---------------+----------------------------------+-----
Shields        | 5 6 7 8 9 10 | 10.7
Fighting       | 4 6 7 8 |  8.3
Axes           | 3 4 |  4.3
Armour         | 4 6 7 8 |  8.4
Staves         | 3 5 6 8 9 |  9.3
Bows           | 2 |  2.8
Throwing       | 3 |  3.8
Dodging        | 3 |  3.4
Stealth        | 4 5 |  5.2
Unarmed Combat | 3 |  3.4
Spellcasting   | 3 |  3.5
Evocations     | 3 |  3.8

Action                   |  1- 3 |  4- 6 |  7- 9 | 10-12 || total
-------------------------+-------+-------+-------+-------++-------
Melee: War axe           |    98 |   113 |       |       ||   211
       Quarterstaff      |       |    26 |   178 |   775 ||   979
       Scythe            |       |    26 |       |       ||    26
Throw: Tomahawk          |       |       |     5 |     5 ||    10
Invok: Burn Spellbooks   |       |       |       |     1 ||     1
  Use: Scroll            |       |     8 |     4 |    14 ||    26
       Potion            |       |     3 |     4 |       ||     7
 Stab: Paralysed         |       |       |       |     7 ||     7
       Petrifying        |       |       |       |     4 ||     4
  Eat: Ration            |     1 |     1 |     3 |     6 ||    11
       Chunk             |       |     1 |     2 |     6 ||     9
Armor: Scale mail        |    10 |       |       |       ||    10
       Chain mail        |    55 |       |       |       ||    55
       Plate armour      |       |   146 |   122 |   289 ||   557
Dodge: Dodged            |    37 |    41 |    69 |   207 ||   354
Block: Shield            |    62 |   133 |   149 |   533 ||   877
